 Dungeon Crawl Stone Soup version 0.29-a0-1016-g236c7fd91e (webtiles) character file.

Game seed: 11309358131354200268

23 Sweeb the Trooper (level 2, -2/28 HPs)
             Began as a Naga Fighter on Aug 9, 2022.
             Slain by Natasha (5 damage)
             ... on level 2 of the Dungeon.
             The game lasted 00:02:11 (1113 turns).

Sweeb the Trooper (Naga Fighter)                    Turns: 1113, Time: 00:02:11

Health: -2/28      AC:  5    Str: 18    XL:     2   Next: 95%
Magic:  2/2        EV:  7    Int:  8    God:
Gold:   75         SH:  4    Dex: 10    Spells: 1/1 levels left

rFire   . . .      SeeInvis +   a - +0 trident
rCold   . . .      Faith    .   c - +0 buckler
rNeg    . . .      Spirit   .   b - +0 scale mail
rPois   +          Reflect  .   (no helmet)
rElec   .          Harm     .   m - +0 cloak
rCorr   .          Rampage  .   (no gloves)
Will    .....                   (no barding)
Stlth   ..........              (no amulet)
HPRegen 0.09/turn               (no ring)
MPRegen 0.08/turn               (no ring)

@: slowed, very slow
A: AC +0, large, see invisible, deformed body, poison resistance, slowness 2,
spit poison 1, naga tail 1
a: Spit Poison


You were on level 2 of the Dungeon.
You visited 1 branch of the dungeon, and saw 2 of its levels.

You collected 75 gold pieces.

Inventory:

Hand Weapons
 a - a +0 trident (weapon)
Armour
 b - a +0 scale mail (worn)
 c - a +0 buckler (worn)
 m - a +0 cloak (worn)
Scrolls
 f - 3 scrolls of identify {unknown}
 i - a scroll of enchant weapon {unknown}
 l - a scroll of blinking {unknown}
Potions
 d - a potion of might
 e - 2 potions of brilliance {unknown}
 g - a potion of cancellation {unknown}
 h - a potion of attraction {unknown}
 j - a potion of curing {unknown}
 k - a potion of flight {unknown}


   Skills:
 + Level 3.2 Fighting
 * Level 2.5 Polearms
 + Level 2.5 Armour
 * Level 3.0 Shields


You had one spell level left.
You didn't know any spells.
Your spell library was empty.

Dungeon Overview and Level Annotations

Branches:
Dungeon (2/15)

Altars:

Shops:
D:1 *

Annotations:
D:2 Natasha


Innate Abilities, Weirdness & Mutations

Your serpentine skin is tough. (AC +0)
You have supernaturally acute eyesight. (SInv)
Armour fits poorly on your strangely shaped body.
Your system is resistant to poisons. (rPois)
You cover ground very slowly.
You can spit poison.
You have a snake-like lower body.


Message History

Natasha wildly gestures.
Natasha's front paws start to glow.
Natasha casts a spell.
You barely miss Natasha.
You have got your breath back.
Natasha barely misses you.
The crimson imp hits you but does no damage.
Natasha claws you.
You hit Natasha but do no damage.
The crimson imp sputters.
You block the crimson imp's attack. Natasha claws you.
The crimson imp hits you but does no damage.
Natasha claws you but does no damage.
You closely miss Natasha.
The crimson imp hits you but does no damage.
Natasha claws you!
* * * LOW HITPOINT WARNING * * *
You block the crimson imp's attack.
Natasha stares at you and mumbles some strange words.
You feel as though you will be slow longer.
Aiming: Spit Poison (2% risk of failure)
Press: ? - help, Shift-Dir - straight line, f/p - Natasha
Aim: Natasha (50% to hit)
The splash of poison misses Natasha.
The crimson imp hits you but does no damage.
You block Natasha's attack. The crimson imp barely misses you.
Natasha closely misses you.
You hit Natasha.
Natasha is moderately wounded.
You block the crimson imp's attack. Natasha claws you.
* * * LOW HITPOINT WARNING * * *
Unknown command.
You hit Natasha but do no damage.
Natasha is moderately wounded.
You have got your breath back.
The crimson imp hits you but does no damage.
Natasha claws you.
* * * LOW HITPOINT WARNING * * *
The crimson imp barely misses you. Natasha claws you.
You die...

###
#..
#.#
#.#
#.#
#<#
#5#
#@#
#h#
#.#
#..
...
.###
. #.


You could see Natasha and a crimson imp (summoned).

Vanquished Creatures
  3 endoplasms (D:1)
  4 hobgoblins (D:1)
  5 jackals (D:1)
  A quokka (D:1)
  2 goblins (D:1)
  2 kobolds (D:1)
  2 rats (D:1)
19 creatures vanquished.

Notes
Turn   | Place    | Note
-------+----------+-------------------------------------------
     0 | D:1      | Sweeb the Naga Fighter began the quest for the Orb.
     0 | D:1      | Reached XP level 1. HP: 21/21 MP: 1/1
   394 | D:1      | Reached XP level 2. HP: 28/28 MP: 2/2
   591 | D:1      | Found Emoeryr's General Store.
  1099 | D:2      | Noticed Natasha
  1108 | D:2      | Noticed a crimson imp
  1113 | D:2      | Slain by Natasha

Illustrated notes

Levels and vault maps discovered:
D:1:      roderic_octagonal_star, layout_loops_ring, serial_shops,
          nicolae_shop_trees, nicolae_concentric_dashed_squares_mild,
          minmay_tetromino_t2
D:2:      layout_loops_ring, hellmonk_ecumenical_altar_blasted,
          chequers_serial_rivers_micro_a, uniq_natasha, uniq_terence,
          uniq_sigmund

Skill      XL: |  1  2 |
---------------+-------+-----
Shields        | 3 |  3.0
Fighting       | |  3.2
Polearms       | |  2.5
Armour         | |  2.5

Action                   || total
-------------------------++-------
Melee: Trident           ||    66
 Abil: Spit Poison       ||     6
Armor: Scale mail        ||    25
Dodge: Dodged            ||    27
Block: Buckler           ||    16

Table legend: (Time is in decaauts)
 A = Elapsed time spent in this place.
 B = Non-inter-level travel time spent in this place.
 C = Inter-level travel time spent in this place.
 D = Time resting spent in this place.
 E = Time spent auto-exploring this place.
 F = Levels seen in this place.
 G = Mean time per level.
                   A        B        C        D        E       F      G
               +--------+--------+--------+--------+--------+-----+--------+
         Total |   1399 |   1296 |    103 |      0 |   1147 |   2 |  699.5 |
       Dungeon |   1399 |   1296 |    103 |      0 |   1147 |   2 |  699.5 |
               +--------+--------+--------+--------+--------+-----+--------+

Top non-repeatable levels by time:
     D:1: 1378 daAuts
     D:2: 20 daAuts
